 Dungeon Sprint DCSS version 0.31-a0-210-gccc998df9b (webtiles) character file.

Game seed: 16032041195635693379

11500000 123456 the Cruiserweight Champion (level 27, -66/257 (292) HPs)
             Began as an Armataur Gladiator on June 29, 2023.
             Was the Champion of Makhleb.
             Killed from afar by a wretched soul (86 damage)
             ... with a bolt of negative energy
             ... in the Dungeon (Sprint VIII: "Arena of Blood").
             The game lasted 00:03:40 (115 turns).

123456 the Cruiserweight Champion (AtGl)             Turns: 115, Time: 00:03:40

HP:   -66/257 (292) AC: 10    Str: 23    XL:     27
MP:   37/54         EV: 29    Int: 10    God:    Makhleb [******]
Gold: 0             SH:  0    Dex: 21    Spells: 80/80 levels left

rFire   + . .        k - +∞ Axe of Woe
rCold   . . .        (shield currently unavailable)
rNeg    . . .        a - +0 leather armour
rPois   .            b - +0 helmet
rElec   .            (no cloak)
rCorr   .            (no gloves)
SInv    .            (no barding)
Will    ++...        (no amulet)
Stlth   ++++++++++   l - ring of protection from fire
HPRegen 0.62/turn    (no ring)
MPRegen 0.34/turn

%: no teleportation, roll
@: lethally poisoned (-66 -> -74), heavily drained
A: large, rugged brown scales 3, deformed body, armoured tail, roll, long
tongue, awkward tongue
a: Renounce Religion, Minor Destruction, Lesser Servant of Makhleb, Major
Destruction, Greater Servant of Makhleb


You were in the Dungeon.
You worshipped Makhleb.
Makhleb was exalted by your worship.
You visited 1 branch

Inventory:

Hand Weapons
 k - the +∞ Axe of Woe (weapon)
   (You found it in the Dungeon)
Missiles
 c - 3 throwing nets (quivered)
 d - a javelin
Armour
 a - a +0 leather armour (worn)
 b - a +0 helmet (worn)
Jewellery
 l - a ring of protection from fire (left hand)
Scrolls
 j - a scroll of blinking
Potions
 e - a potion of curing
 f - a potion of heal wounds
 g - a potion of haste
 h - 2 potions of magic
 i - a potion of berserk rage


   Skills:
 O Level 27 Fighting
 O Level 27 Short Blades
 O Level 27 Long Blades
 O Level 27 Axes
 O Level 27 Maces & Flails
 O Level 27 Polearms
 O Level 27 Staves
 O Level 27 Ranged Weapons
 O Level 27 Throwing
 O Level 27 Armour
 O Level 27 Dodging
 O Level 27 Stealth
 O Level 27 Shields
 O Level 27 Unarmed Combat
 O Level 27 Spellcasting
 O Level 27 Conjurations
 O Level 27 Hexes
 O Level 27 Summonings
 O Level 27 Necromancy
 O Level 27 Translocations
 O Level 27 Transmutations
 O Level 27 Fire Magic
 O Level 27 Ice Magic
 O Level 27 Air Magic
 O Level 27 Earth Magic
 O Level 27 Poison Magic
 O Level 27 Invocations
 O Level 27 Evocations


You had 80 spell levels left.
You didn't know any spells.
Your spell library was empty.

Dungeon Overview and Level Annotations

Branches:
Dungeon (1/1)

Altars:
Makhleb


Innate Abilities, Weirdness & Mutations

You are completely covered in rugged brown scales. (AC +3, +7% HP)
Armour fits poorly on your strangely shaped body.
You have a long armoured tail.
You roll when moving toward enemies. (Rampage)
Your long tongue fully drains potion bottles. (2x potion effects)
Your tongue gives you trouble enunciating. (1.5x scroll delay)


Message History

You blow up the bag of meat!
Makhleb accepts your kill.
You feel better.
You feel sick.
You hear a shout! x3
The eight-headed meat hydra calls on the powers of darkness!
The eight-headed meat hydra convulses!
The meat berserker convulses!
Something is bathed in an unholy light!
Your body is wracked with pain!
* * * LOW HITPOINT WARNING * * *
You hear a shout!
The eight-headed meat hydra calls on the powers of darkness!
The eight-headed meat hydra convulses!
The bag of meat convulses!
Your body is wracked with pain!
* * * LOW HITPOINT WARNING * * *
The scourge convulses!
The bag of meat convulses! x2
The meat berserker convulses!
An eight-headed meat hydra comes into view.
You hear a shout! x3; You feel something staring at you.
A fireball appears from out of thin air!
The fireball explodes!
The fireball engulfs the sculptor of flesh!!!!
Deactivating autopickup; reactivate with Ctrl-A.
The fireball engulfs you!! You resist.
* * * LOW HITPOINT WARNING * * *
Unknown command.
You hit the sculptor of flesh but do no damage.
You chop the sculptor of flesh into pieces.
You destroy the sculptor of flesh!
Makhleb accepts your kill.
You feel better.
You feel very sick.
The tyrant is engulfed in blazing flames.
The tyrant casts a spell.
A bolt of negative energy appears from out of thin air!
The bolt of negative energy hits the large abomination.
The large abomination completely resists.
The bolt of negative energy hits the large abomination.
The large abomination completely resists.
The bolt of negative energy hits you!!!!
You feel drained.
You die...

#...........#
##..........#
...XM.......#
....o#......# ...
...oL{).....# ..
...Xo#X.S...# .#
...o°oX)D)..# .#
........XL##○))).#
.###......XXooX○@)).#
............###...))#
..................).#
#.......#.#..O....).#
#........D{.........#
#.°○.))#.#.#......))#
))☼).)☼°..........))#
...°°)))#W#.#.D#....#
.###..○☼☼§)...#..)))#


You could see an accursed, a tentacled monstrosity (summoned), a tyrant (fast),
3 eight-headed meat hydras, a scourge, 7 large abominations, a meat berserker
(berserk) and 6 bags of meat.

Vanquished Creatures
  6 hell beasts (D)
  2 royal mummies (D)
  3 great orbs of eyes (D)
  3 wraiths (D)
  Harold (D)
  14 vampire knights (D)
  32 ogres (D)
  8 two-headed ogres (D)
  3 liches (D)
  A hydra (D)
  2 phantoms (D)
  68 orcs (D)
  5 skeletal warriors (D)
  3 sea snakes (D)
151 creatures vanquished.

Vanquished Creatures (others)
  A two-headed ogre (D)
  2 orcs (D)
3 creatures vanquished.

Grand Total: 154 creatures vanquished

Notes
Turn   | Place    | Note
-------+----------+-------------------------------------------
     0 | D        | Found the +∞ Axe of Woe
     0 | D        | 123456 the Armataur Gladiator began the quest for the Orb.
     0 | D        | Reached XP level 1. HP: 18/18 MP: 1/1
     4 | D        | Became a worshipper of Makhleb the Destroyer
     5 | D        | Noticed a meat berserker
     5 | D        | Noticed a meat berserker
     6 | D        | Noticed a bag of meat
     8 | D        | Noticed a bag of meat
     8 | D        | Killed a meat berserker
     8 | D        | Noticed a bag of meat
     8 | D        | Noticed a meat berserker
     8 | D        | Noticed a meat berserker
     8 | D        | Noticed a meat berserker
     8 | D        | Noticed a bag of meat
     8 | D        | Noticed a bag of meat
     9 | D        | Reached skill level 10 in Fighting
     9 | D        | Reached XP level 2. HP: 40/40 MP: 2/2
     9 | D        | Reached XP level 3. HP: 48/48 MP: 3/3
     9 | D        | Reached XP level 4. HP: 54/54 MP: 4/4
     9 | D        | Reached XP level 5. HP: 62/62 MP: 5/5
     9 | D        | Reached XP level 6. HP: 70/70 MP: 6/6
     9 | D        | Reached XP level 7. HP: 77/77 MP: 7/7
     9 | D        | Reached XP level 8. HP: 84/84 MP: 8/8
     9 | D        | Reached XP level 9. HP: 90/90 MP: 9/9
     9 | D        | Reached XP level 10. HP: 99/99 MP: 10/10
     9 | D        | Reached XP level 11. HP: 105/105 MP: 11/11
     9 | D        | Killed a meat berserker
     9 | D        | Reached * piety under Makhleb
    10 | D        | Reached XP level 12. HP: 56/118 MP: 12/12
    10 | D        | Reached XP level 13. HP: 59/125 MP: 13/13
    10 | D        | Killed a meat berserker
    10 | D        | Killed a bag of meat
    10 | D        | Noticed a bag of meat
    11 | D        | Reached XP level 14. HP: 101/138 MP: 14/14
    11 | D        | Killed a bag of meat
    11 | D        | Reached ** piety under Makhleb
    11 | D        | Killed a meat berserker
    11 | D        | Noticed a meat berserker
    11 | D        | Noticed a bag of meat
    11 | D        | Noticed a bag of meat
    11 | D        | Noticed a bag of meat
    12 | D        | Killed a bag of meat
    12 | D        | Killed a meat berserker
    12 | D        | Reached *** piety under Makhleb
    12 | D        | Noticed a bag of meat
    12 | D        | Noticed a bag of meat
    13 | D        | Reached skill level 15 in Fighting
    13 | D        | Reached skill level 10 in Axes
    13 | D        | Reached skill level 5 in Armour
    13 | D        | Reached XP level 15. HP: 150/150 MP: 15/15
    14 | D        | Killed a meat berserker
    14 | D        | Reached **** piety under Makhleb
    14 | D        | Noticed a meat berserker
    14 | D        | Noticed a meat berserker
    14 | D        | Noticed a meat berserker
    15 | D        | Reached skill level 15 in Axes
    15 | D        | Reached skill level 15 in Throwing
    15 | D        | Reached skill level 27 in Unarmed Combat
    15 | D        | Reached XP level 16. HP: 167/167 MP: 16/16
    16 | D        | Reached ***** piety under Makhleb
    17 | D        | Killed a meat berserker
    18 | D        | Reached XP level 17. HP: 180/180 MP: 17/17
    18 | D        | Killed a meat berserker
    18 | D        | Killed a meat berserker
    19 | D        | Reached skill level 10 in Armour
    20 | D        | Reached XP level 18. HP: 196/196 MP: 18/18
    20 | D        | Noticed a destroyer
    20 | D        | Noticed a meat berserker
    21 | D        | Noticed a large bag of meat
    22 | D        | Noticed a destroyer
    22 | D        | Noticed a destroyer
    22 | D        | Noticed a large bag of meat
    23 | D        | Killed a destroyer
    23 | D        | Reached ****** piety under Makhleb
    23 | D        | Noticed a large bag of meat
    23 | D        | Noticed a meat berserker
    24 | D        | Reached skill level 27 in Dodging
    24 | D        | Noticed a destroyer
    24 | D        | Noticed a meat berserker
    25 | D        | Killed a destroyer
    26 | D        | Reached skill level 27 in Fighting
    26 | D        | Reached skill level 27 in Axes
    26 | D        | Reached XP level 19. HP: 150/221 MP: 19/19
    27 | D        | Killed a meat berserker
    27 | D        | Noticed a destroyer
    28 | D        | Killed a large bag of meat
    28 | D        | Noticed a destroyer
    29 | D        | Reached skill level 27 in Throwing
    29 | D        | Noticed a meat berserker
    30 | D        | Killed a large bag of meat
    30 | D        | Noticed a large bag of meat
    31 | D        | Reached skill level 27 in Armour
    31 | D        | Noticed a meat berserker
    31 | D        | Noticed a meat berserker
    32 | D        | Killed a meat berserker
    32 | D        | Killed a destroyer
    32 | D        | Noticed a meat berserker
    33 | D        | Reached skill level 5 in Long Blades
    33 | D        | Reached skill level 5 in Maces & Flails
    33 | D        | Reached skill level 5 in Polearms
    33 | D        | Reached skill level 5 in Staves
    33 | D        | Reached skill level 5 in Spellcasting
    33 | D        | Reached skill level 5 in Conjurations
    33 | D        | Reached skill level 5 in Hexes
    33 | D        | Reached skill level 5 in Summonings
    33 | D        | Reached skill level 5 in Necromancy
    33 | D        | Reached XP level 20. HP: 147/231 MP: 19/27
    34 | D        | Reached skill level 5 in Ranged Weapons
    34 | D        | Killed a destroyer
    34 | D        | Killed a meat berserker
    35 | D        | Reached skill level 10 in Stealth
    35 | D        | Reached XP level 21. HP: 239/239 MP: 19/31
    35 | D        | Killed a destroyer
    35 | D        | Killed a destroyer
    36 | D        | Reached skill level 10 in Short Blades
    36 | D        | Reached skill level 10 in Transmutations
    36 | D        | Reached skill level 10 in Fire Magic
    36 | D        | Reached skill level 10 in Ice Magic
    36 | D        | Reached skill level 10 in Air Magic
    36 | D        | Reached skill level 10 in Earth Magic
    36 | D        | Reached skill level 10 in Poison Magic
    36 | D        | Noticed a large bag of meat
    37 | D        | Reached skill level 10 in Long Blades
    37 | D        | Reached skill level 10 in Maces & Flails
    37 | D        | Reached skill level 10 in Staves
    37 | D        | Reached skill level 10 in Conjurations
    37 | D        | Reached skill level 10 in Hexes
    37 | D        | Reached skill level 10 in Summonings
    37 | D        | Reached skill level 10 in Necromancy
    38 | D        | Reached XP level 22. HP: 249/249 MP: 19/35
    39 | D        | Reached skill level 10 in Polearms
    39 | D        | Reached skill level 10 in Spellcasting
    39 | D        | Killed a large bag of meat
    41 | D        | Reached skill level 15 in Stealth
    42 | D        | Reached skill level 10 in Ranged Weapons
    42 | D        | Noticed a tyrant
    42 | D        | Noticed a large bag of meat
    43 | D        | Noticed a destroyer
    44 | D        | Reached skill level 15 in Shields
    44 | D        | Reached skill level 15 in Translocations
    44 | D        | Reached skill level 15 in Invocations
    44 | D        | Reached skill level 15 in Evocations
    44 | D        | Reached XP level 23. HP: 256/256 MP: 20/38
    44 | D        | Killed a large bag of meat
    44 | D        | Noticed a destroyer
    45 | D        | Reached skill level 15 in Short Blades
    45 | D        | Reached skill level 15 in Transmutations
    45 | D        | Reached skill level 15 in Fire Magic
    45 | D        | Reached skill level 15 in Ice Magic
    45 | D        | Reached skill level 15 in Air Magic
    45 | D        | Reached skill level 15 in Earth Magic
    45 | D        | Reached skill level 15 in Poison Magic
    45 | D        | Noticed a tyrant
    47 | D        | Noticed a tyrant
    47 | D        | Killed a destroyer
    48 | D        | Reached skill level 15 in Summonings
    48 | D        | Reached skill level 15 in Necromancy
    48 | D        | Reached XP level 24. HP: 261/266 MP: 21/40
    48 | D        | Noticed a large bag of meat
    48 | D        | Killed a large bag of meat
    49 | D        | Reached skill level 15 in Long Blades
    49 | D        | Reached skill level 15 in Maces & Flails
    49 | D        | Reached skill level 15 in Staves
    49 | D        | Reached skill level 15 in Conjurations
    49 | D        | Reached skill level 15 in Hexes
    49 | D        | Killed a tyrant
    49 | D        | Noticed a destroyer
    50 | D        | Noticed an accursed
    50 | D        | Killed a tyrant
    51 | D        | Killed a large bag of meat
    53 | D        | Noticed a destroyer
    54 | D        | Reached skill level 15 in Polearms
    54 | D        | Reached skill level 15 in Spellcasting
    54 | D        | Reached XP level 25. HP: 274/274 MP: 22/42
    54 | D        | Killed a destroyer
    56 | D        | Killed a large bag of meat
    58 | D        | Killed a tyrant
    59 | D        | Reached skill level 15 in Ranged Weapons
    59 | D        | Noticed a dread
    59 | D        | Noticed a dread
    63 | D        | Reached XP level 26. HP: 284/284 MP: 24/43
    63 | D        | Killed a destroyer
    65 | D        | Killed a destroyer
    66 | D        | Noticed a meat beast
    71 | D        | Killed a meat beast
    74 | D        | Noticed a meat beast
    76 | D        | Reached XP level 27. HP: 174/292 MP: 28/45
    76 | D        | Killed a meat beast
    77 | D        | Killed a dread
    79 | D        | Noticed The Servant
    84 | D        | Noticed an accursed
    85 | D        | Noticed a meat beast
    88 | D        | Reached skill level 27 in Stealth
    88 | D        | Noticed a large bag of meat
    88 | D        | Noticed a destroyer
    88 | D        | Noticed a large bag of meat
    89 | D        | Killed The Servant
    90 | D        | Killed a meat beast
    91 | D        | Killed a destroyer
    93 | D        | Noticed a meat beast
    93 | D        | Killed an accursed
    94 | D        | Reached skill level 27 in Shields
    94 | D        | Reached skill level 27 in Translocations
    94 | D        | Reached skill level 27 in Invocations
    94 | D        | Reached skill level 27 in Evocations
    95 | D        | Noticed a destroyer
    97 | D        | Noticed a meat beast
    97 | D        | Killed a meat beast
    97 | D        | Noticed a destroyer
    98 | D        | Noticed a dread
    98 | D        | Killed a large bag of meat
    98 | D        | Noticed a meat beast
    99 | D        | Noticed a destroyer
   100 | D        | Killed a large bag of meat
   101 | D        | Noticed a tyrant
   102 | D        | Killed a meat beast
   102 | D        | Killed a dread
   103 | D        | Reached skill level 27 in Short Blades
   103 | D        | Reached skill level 27 in Transmutations
   103 | D        | Reached skill level 27 in Fire Magic
   103 | D        | Reached skill level 27 in Ice Magic
   103 | D        | Reached skill level 27 in Air Magic
   103 | D        | Reached skill level 27 in Earth Magic
   103 | D        | Reached skill level 27 in Poison Magic
   103 | D        | Killed a meat beast
   103 | D        | Noticed a tyrant
   104 | D        | Reached skill level 27 in Conjurations
   104 | D        | Reached skill level 27 in Hexes
   104 | D        | Killed a destroyer
   105 | D        | Reached skill level 27 in Staves
   105 | D        | Reached skill level 27 in Summonings
   105 | D        | Killed an accursed
   105 | D        | Noticed an accursed
   106 | D        | Reached skill level 27 in Long Blades
   106 | D        | Reached skill level 27 in Maces & Flails
   106 | D        | Reached skill level 27 in Spellcasting
   106 | D        | Reached skill level 27 in Necromancy
   106 | D        | Killed a dread
   107 | D        | Reached skill level 27 in Polearms
   107 | D        | Reached skill level 27 in Ranged Weapons
   107 | D        | Killed a destroyer
   108 | D        | Killed a destroyer
   114 | D        | HP: 1/292 [something/fireball (26)]
   115 | D        | Killed from afar by a wretched soul

Illustrated notes

Levels and vault maps discovered:
D:        meatsprint

Skill      XL: |  1  2  3  4  5  6  7  8  9 10 11 12 13 14 15 16 17 18 19 20 21 22 23 24 25 26 27 |
---------------+----------------------------------------------------------------------------------+-----
Fighting       | 10 11 13 15 17 19 22 27 | 27.0
Axes           | 3 4 6 10 15 19 23 27 | 27.0
Throwing       | 9 11 12 14 15 16 17 21 27 | 27.0
Dodging        | 14 16 18 21 23 25 26 27 | 27.0
Unarmed Combat | 17 19 21 25 27 | 27.0
Armour         | 3 5 7 9 10 17 27 | 27.0
Short Blades   | 6 8 11 14 16 18 20 21 27 | 27.0
Long Blades    | 5 7 10 12 14 16 18 19 27 | 27.0
Maces & Flails | 5 7 10 12 14 16 18 19 27 | 27.0
Polearms       | 5 7 9 11 13 15 16 18 27 | 27.0
Staves         | 5 7 10 12 14 16 18 19 27 | 27.0
Ranged Weapons | 4 6 8 10 12 14 15 17 27 | 27.0
Stealth        | 7 10 13 16 18 20 22 25 27 | 27.0
Shields        | 6 9 12 15 17 19 21 23 27 | 27.0
Spellcasting   | 5 7 9 11 13 15 16 18 27 | 27.0
Conjurations   | 5 7 10 12 14 16 18 19 27 | 27.0
Hexes          | 5 7 10 12 14 16 18 19 27 | 27.0
Summonings     | 5 7 10 13 15 16 18 20 27 | 27.0
Necromancy     | 5 7 10 13 15 16 18 20 27 | 27.0
Translocations | 7 9 12 15 17 19 21 23 27 | 27.0
Transmutations | 6 8 11 14 16 18 20 21 27 | 27.0
Fire Magic     | 6 8 11 14 16 18 20 21 27 | 27.0
Ice Magic      | 6 8 11 14 16 18 20 21 27 | 27.0
Air Magic      | 6 8 11 14 16 18 20 21 27 | 27.0
Earth Magic    | 6 8 11 14 16 18 20 21 27 | 27.0
Poison Magic   | 6 8 11 14 16 18 20 21 27 | 27.0
Invocations    | 7 9 12 15 17 19 21 23 27 | 27.0
Evocations     | 7 9 12 15 17 19 21 23 27 | 27.0

Action                     |  1- 3 |  4- 6 |  7- 9 | 10-12 | 13-15 | 16-18 | 19-21 | 22-24 | 25-27 || total
---------------------------+-------+-------+-------+-------+-------+-------+-------+-------+-------++-------
  Melee: Executioner's axe |     1 |       |       |     1 |     5 |     7 |    10 |    15 |    44 ||    83
 Armour: Leather armour    |       |       |       |       |       |       |       |       |     3 ||     3
  Dodge: Dodged            |       |       |       |       |     1 |     1 |     2 |       |     1 ||     5

Table legend: (Time is in decaauts)
 A = Elapsed time spent in this place.
 B = Non-inter-level travel time spent in this place.
 C = Inter-level travel time spent in this place.
 D = Time resting spent in this place.
 E = Time spent auto-exploring this place.
 F = Levels seen in this place.
 G = Mean time per level.
                   A        B        C        D        E       F      G
               +--------+--------+--------+--------+--------+-----+--------+
         Total |     96 |     96 |      0 |      0 |      0 |   1 |   96.0 |
       Dungeon |     96 |     96 |      0 |      0 |      0 |   1 |   96.0 |
               +--------+--------+--------+--------+--------+-----+--------+

Top non-repeatable levels by time:
       D: 96 daAuts
